Map: Jagannatha LE

Players

HeroMarine - Winner!

  • Race: Terran Terran
  • League: Grandmaster
  • Spawn Location: 7:00

HellraiseR

  • Race: Protoss Protoss
  • League: Master
  • Spawn Location: 1:00

Event: DreamHack SC2 Masters 2020 Winter

VOD

Have the link to the VOD?

Description

Time

  • Played on: Nov. 5, 2020, 10:19 a.m.
  • Length: 10:03

All games in this series

Show
View Real Time Build Order
Export as new Build Order

HeroMarine Terran - Winner!

Build Orders:  

Get SALT Encoding   

  12  0:00  SCV  
  13  0:12  SCV  
  14  0:17  Supply Depot  
  14  0:24  SCV  
  15  0:38  SCV  
  15  0:39  Barracks  
  16  0:43  Refinery  
  16  0:50  SCV  
  16  0:52  Refinery  
  17  1:03  SCV  
  18  1:15  SCV  
  19  1:25  Reaper  
  19  1:27  Orbital Command  
  19  1:28  Supply Depot  
  20  1:43  Factory  
  20  1:52  SCV  
  21  1:55  Bunker  
  21  1:58  Reaper  
  22  2:04  SCV  
  23  2:16  SCV  
  24  2:28  SCV  
  25  2:31  Hellion  
  27  2:39  Barracks Reactor  
  27  2:40  SCV  
  28  2:45  Command Center  
  28  2:49  Supply Depot  
  28  2:53  SCV  
  28  2:54  Widow Mine  
  31  3:03  Starport  
  31  3:11  SCV  
  32  3:19  Marine x2  
  34  3:21  Widow Mine  
  34  3:23  SCV  
  34  3:26  Supply Depot  
  37  3:33  Armory  
  35  3:37  Marine  
  35  3:38  Marine  
  35  3:40  Medivac  
  39  3:45  SCV  
  39  3:51  Widow Mine  
  41  3:55  Marine x2  
  41  3:57  SCV  
  44  4:09  SCV  
  45  4:13  Medivac  
  48  4:18  Orbital Command  
  48  4:22  SCV  
  48  4:23  Widow Mine, Barracks Tech Lab  
  48  4:24  Widow Mine  
  50  4:34  SCV  
  51  4:41  Barracks  
  51  4:44  Widow Mine, SCV  
  54  4:46  Widow Mine, SCV  
  54  4:48  Medivac  
  54  4:51  Marine  
  60  4:53  Stimpack  
  60  4:56  SCV  
  60  4:58  SCV  
  62  5:09  SCV  
  62  5:10  SCV  
  62  5:18  Supply Depot  
  62  5:20  Marine, Barracks  
  62  5:21  SCV  
  62  5:40  SCV x2, Command Center  
  62  5:41  Supply Depot  
  62  5:42  Engineering Bay  
  64  5:48  Factory Tech Lab  
  62  5:50  Marine x2, Marauder  
  62  5:51  Starport Reactor  
  62  5:52  SCV x2  
  62  6:04  SCV x2  
  62  6:07  Marine  
  62  6:08  Marine, Terran Infantry Weapons Level 1  
  62  6:10  Missile Turret  
  66  6:11  Missile Turret  
  66  6:14  Factory Reactor  
  66  6:16  SCV x2  
  68  6:19  Marauder, Refinery x2  
  68  6:24  Combat Shield, Supply Depot  
  70  6:28  SCV x2, Marauder  
  70  6:30  Marine x2  
  76  6:38  Medivac, Supply Depot  
  78  6:43  SCV  
  78  6:45  Medivac, SCV  
  81  6:50  Marauder, Barracks x2  
  81  6:51  Marine  
  84  6:55  Marine x2  
  84  6:58  SCV, Orbital Command  
  84  6:59  SCV  
  88  7:03  Widow Mine x2  
  88  7:08  Medivac  
  88  7:11  SCV x2  
  88  7:15  Medivac  
  92  7:16  Missile Turret  
  92  7:17  Marine x2  
  92  7:18  Marine  
  92  7:21  Marauder  
  97  7:24  Orbital Command  
  97  7:25  Widow Mine x2  
  97  7:27  SCV x2  
  103  7:32  Supply Depot  
  103  7:34  Supply Depot  
  103  7:37  Barracks Tech Lab, Barracks Reactor  
  103  7:39  SCV x2  
  103  7:41  Marine x2  
  103  7:43  Marauder  
  109  7:46  Missile Turret  
  109  7:54  Widow Mine x2, Marauder  
  109  7:55  Supply Depot  
  109  7:58  SCV, Ghost Academy  
  115  7:59  SCV x2  
  115  8:01  Marine  
  115  8:02  Marine  
  120  8:10  SCV  
  125  8:15  Supply Depot  
  125  8:16  Supply Depot, SCV x2  
  125  8:17  Widow Mine x2  
  133  8:20  Marine x2  
  133  8:21  Marine x2  
  133  8:27  Ghost x2  
  131  8:28  Engineering Bay  
  131  8:31  Refinery x2  
  131  8:32  Ghost  
  137  8:36  SCV x2  
  137  8:37  SCV  
  140  8:42  Widow Mine x2  
  140  8:46  Supply Depot  
  142  8:48  SCV  
  142  8:49  Marine  
  142  8:54  Marine x3  
  147  8:56  Marauder x2  
  147  8:59  Medivac  
  147  9:01  Marauder  
  155  9:05  Medivac  
  155  9:07  Marine  
  158  9:10  Supply Depot  
  158  9:11  Marine  
  158  9:12  Marine x2  
  161  9:17  Marauder  
  161  9:18  Marauder  
  161  9:23  Marauder  
  165  9:31  Marine x4  
  165  9:37  Supply Depot  
  165  9:38  Supply Depot  
  169  9:39  Marauder x2  
Show
View Real Time Build Order
Export as new Build Order

HellraiseR Protoss 

Build Orders: 1 Gate Expand, Oracle Opening 

Get SALT Encoding   

  12  0:00  Probe  
  13  0:12  Probe  
  14  0:17  Pylon  
  14  0:24  Probe (Chrono Boost)  
  16  0:36  Gateway  
  16  0:37  Probe (Chrono Boost)  
  16  0:42  Probe (Chrono Boost)  
  16  0:45  Assimilator  
  17  0:51  Probe  
  18  1:04  Probe  
  19  1:16  Probe  
  20  1:23  Cybernetics Core  
  20  1:32  Nexus  
  20  1:39  Pylon  
  20  1:42  Probe  
  21  1:50  Assimilator  
  21  1:54  Probe  
  21  1:56  Adept (Chrono Boost)  
  24  2:06  Probe (Chrono Boost)  
  26  2:16  Stargate, Probe (Chrono Boost)  
  26  2:21  Adept  
  28  2:25  Probe  
  29  2:37  Probe  
  29  2:38  Pylon  
  29  2:43  Shield Battery  
  29  2:49  Shield Battery  
  29  2:54  Void Ray (Chrono Boost)  
  29  2:55  Probe x2  
  35  3:07  Probe  
  35  3:10  Probe  
  38  3:25  Warp Gate  
  38  3:26  Gateway  
  39  3:30  Oracle (Chrono Boost)  
  39  3:32  Probe  
  39  3:34  Probe  
  42  3:44  Probe  
  42  3:46  Probe  
  44  3:50  Pylon  
  44  3:56  Probe  
  44  3:58  Probe  
  44  4:01  Assimilator x2  
  46  4:07  Stargate  
  46  4:08  Probe  
  47  4:12  Probe  
  48  4:19  Phoenix (Chrono Boost)  
  48  4:20  Probe  
  48  4:23  Pylon  
  51  4:24  Probe  
  52  4:32  Probe  
  52  4:36  Probe  
  52  4:37  Pylon  
  54  4:39  Oracle (Chrono Boost)  
  54  4:44  Probe  
  58  4:48  Probe  
  62  4:54  Oracle (Chrono Boost)  
  62  4:56  Probe  
  63  5:00  Probe  
  63  5:08  Probe  
  63  5:13  Probe  
  65  5:14  Oracle  
  65  5:21  Probe  
  69  5:25  Probe  
  67  5:33  Probe  
  65  5:37  Probe  
  65  5:42  Oracle (Chrono Boost)  
  66  5:45  Stalker, Probe  
  66  5:48  Pylon  
  66  5:49  Probe  
  70  5:58  Pylon  
  70  6:05  Phoenix (Chrono Boost)  
  70  6:06  Probe  
  74  6:11  Nexus  
  74  6:17  Twilight Council  
  74  6:18  Phoenix (Chrono Boost), Probe  
  73  6:20  Probe  
  77  6:28  Phoenix  
  77  6:31  Probe  
  77  6:32  Probe  
  81  6:36  Pylon  
  81  6:43  Probe  
  81  6:44  Probe  
  81  6:45  Phoenix  
  85  6:57  Charge (Chrono Boost)  
  84  7:14  Gateway  
  84  7:15  Gateway, Probe  
  85  7:16  Gateway, Probe  
  85  7:19  Gateway  
  86  7:23  Zealot, Sentry  
  86  7:25  Probe (Chrono Boost)  
  86  7:29  Gateway  
  91  7:31  Pylon  
  91  7:32  Probe (Chrono Boost)  
  91  7:35  Probe (Chrono Boost)  
  93  7:38  Probe (Chrono Boost)  
  93  7:43  Probe (Chrono Boost)  
  96  7:44  Probe (Chrono Boost)  
  96  7:45  Probe (Chrono Boost)  
  96  7:47  Pylon  
  96  7:48  Probe (Chrono Boost)  
  96  7:49  Probe (Chrono Boost)  
  96  7:50  Forge  
  98  7:52  Probe  
  100  7:58  Robotics Facility, Probe  
  100  8:01  Probe  
  100  8:04  Probe  
  103  8:09  Sentry  
  103  8:10  Zealot x2, Probe  
  111  8:20  Zealot x3  
  111  8:23  Pylon, Probe  
  111  8:24  Pylon  
  111  8:26  Assimilator  
  117  8:29  Assimilator  
  117  8:37  Photon Cannon  
  117  8:39  Photon Cannon  
  116  8:42  Probe x2  
  116  8:44  Pylon  
  118  8:49  Robotics Bay  
  118  8:50  Observer  
  118  8:52  Robotics Facility  
  119  8:56  Zealot x5  
  129  9:04  Pylon  
  129  9:11  Zealot x2  
  137  9:24  Zealot x5  
  145  9:32  Stalker x2  
  137  9:46  Probe  
  98  9:55  Zealot x7  
Tags
 
Add a new tag
Caveats
  • Supply blocks, unpowered buildings, or Contaminate may cause inaccurate times.
  • Supply counts are checked every 10 seconds.